 Dungeon Crawl Stone Soup version 0.31.0-12-g77e489cdc1 (webtiles) character file.

Game seed: 12669670309427253164

3039 melchizedek the Reanimator (level 9, -7/61 HPs)
             Began as a Mummy Necromancer on Feb 23, 2024.
             Was a Priest of Dithmenos.
             Mangled by a vampire mosquito (10 damage)
             ... on level 12 of the Dungeon.
             The game lasted 00:43:01 (7526 turns).

melchizedek the Reanimator (Mummy Necromancer)      Turns: 7526, Time: 00:43:02

Health: -7/61      AC: 13    Str: 12    XL:     9   Next: 56%
Magic:  20/21      EV: 10    Int: 16    God:    Dithmenos [***...]
Gold:   392        SH:  0    Dex: 14    Spells: 4/24 levels left

rFire   . . .        v - +0 falchion (flame)
rCold   + . .        (no shield)
rNeg    + + +        t - +6 ring mail of Music {rF+ Regen+}
rPois   ∞            p - +0 helmet
rElec   .            (no cloak)
rCorr   +            g - +0 pair of gloves
SInv    .            (no boots)
Will    +....        (no amulet)
Stlth   +++          E - ring of resist corrosion
HPRegen 1.10/turn    (no ring)
MPRegen 0.17/turn

%: faith
@: animating dead, wreathed by umbra
A: cold resistance 1, negative energy resistance 3, torment resistance 2, heat
vulnerability 1, in touch with death 1, no potions, faith
a: Renounce Religion, Shadow Step


You were on level 12 of the Dungeon.
You worshipped Dithmenos.
Dithmenos was most pleased with you.
You visited 2 branches of the dungeon, and saw 13 of its levels.

You collected 608 gold pieces.
You spent 216 gold pieces at shops.

Inventory:

Hand Weapons
 a - a +2 dagger of electrocution
 b - a +3 short sword of venom
 v - a +0 falchion of flaming (weapon)
 w - a +2 dagger of speed
Missiles
 f - a throwing net
 n - 11 stones
 s - 4 poisoned darts
Armour
 c - a +0 robe
 e - a +0 scale mail
 g - a +0 pair of gloves (worn)
 h - a +0 ring mail
 i - a +0 leather armour
 l - a +0 pair of gloves
 m - the +1 leather armour "Erhisoasm" {Str+2}
   (You found it on level 3 of the Dungeon)

   Str+2:     It affects your strength (+2).
 o - the +0 leather armour "Nyosm" {Int+3}
   (You found it on level 4 of the Dungeon)

   Int+3:     It affects your intelligence (+3).
 p - a +0 helmet (worn)
 t - the +6 ring mail of Music (worn) {rF+ Regen+}
   (You bought it in a shop on level 4 of the Dungeon)

   rF+:       It protects you from fire.
   Regen+:    It increases your rate of health regeneration.
 y - the +2 robe of Shadows and Fog {rC+ Str+2 Int+3}
   (You found it on level 6 of the Dungeon)

   Str+2:     It affects your strength (+2).
   Int+3:     It affects your intelligence (+3).
   rC+:       It protects you from cold.
Magical Staves
 q - a staff of air
Jewellery
 u - a ring of fire
 E - a ring of resist corrosion (left hand)
Wands
 A - a wand of iceblast (3)
 B - a wand of charming (5)
Scrolls
 d - 3 scrolls of poison
 j - a scroll of vulnerability
 k - a scroll of silence
 x - a scroll of fog


   Skills:
 + Level 1.9 Fighting
 * Level 3.7(3.8) Short Blades
 + Level 1.4(2.8) Long Blades
 - Level 1.4 Armour
 - Level 1.8 Dodging
 * Level 4.2 Stealth
 + Level 8.3 Spellcasting
 * Level 2.8 Hexes
 * Level 9.1 Necromancy


You had 4 spell levels left.
You knew the following spells:

 Your Spells              Type           Power      Damage    Failure   Level
a - Necrotise             Necr           100%       1d9       1%          1
b - Vampiric Draining     Necr           52%        2d9       1%          3
c - Animate Dead          Necr           52%        N/A       5%          4
d - Slow                  Hex            60%        N/A       8%          1
e - Confusing Touch       Hex            15%        N/A       22%         3
f - Curse of Agony        Necr           52%        N/A       16%         5
g - Sigil of Binding      Hex            15%        N/A       22%         3

Your spell library contained the following spells:

 Spells                   Type           Power      Damage    Failure   Level
 Scorch                   Fire           12%        2d5       34%         2
 Stone Arrow              Conj/Erth      12%        3d7       56%         3
 Animate Armour           Summ/Erth      12%        N/A       93%         4
 Flame Wave               Conj/Fire      6%         2d5       93%         4
 Ignite Poison            Fire/Alch      6%         N/A       93%         4
 Sticky Flame             Fire/Alch      6%         2d4       93%         4
 Summon Cactus Giant      Summ           3%         N/A       100%        6
 Ignition                 Fire           3%         3d4       100%        8
 Lehudib's Crystal Spear  Conj/Erth      3%         10d2      100%        8


Dungeon Overview and Level Annotations

Branches:
Dungeon (12/15)            Temple (1/1) D:4
   Lair: D:8-11         Orc: D:9-12

Altars:
Ashenzari
Cheibriados
Dithmenos
Fedhas
Gozag
Hepliaklqana
Kikubaaqudgha
Makhleb
Nemelex Xobeh
Qazlal
Ru
Sif Muna
Trog
Uskayaw
Vehumet
Wu Jian
Xom
Yredelemnul

Shops:
D:4 [

Annotations:
D:3 Grinder, Natasha


Innate Abilities, Weirdness & Mutations

You are immune to poison.
Your flesh is cold resistant. (rC+)
You are immune to negative energy. (rN+++)
You are immune to unholy pain and torment.
You are vulnerable to heat. (rF-)
You are in touch with the powers of death.
You do not drink.
You have a special connection with the divine. (Faith)


Message History

You closely miss the vampire mosquito.
The vampire mosquito is heavily damaged.
The vampire mosquito closely misses you. x2
You barely miss the vampire mosquito.
The vampire mosquito is moderately damaged.
The vampire mosquito bites you but does no damage.
The vampire mosquito barely misses you. The vampire mosquito bites you!
* * * LOW HITPOINT WARNING * * *
You hit the vampire mosquito but do no damage.
The vampire mosquito is moderately damaged.
The vampire mosquito closely misses you.
The vampire mosquito bites you but does no damage.
You closely miss the vampire mosquito.
The vampire mosquito is moderately damaged.
The vampire mosquito bites you but does no damage. x2
You closely miss the vampire mosquito.
The vampire mosquito is moderately damaged.
The vampire mosquito barely misses you.
The vampire mosquito closely misses you.
You hit the vampire mosquito. You burn the vampire mosquito.
The vampire mosquito is heavily damaged.
The vampire mosquito barely misses you. The vampire mosquito misses you.
The vampire mosquito closely misses you.
You miss the vampire mosquito.
The vampire mosquito is heavily damaged.
The vampire mosquito barely misses you. x2
You hit the vampire mosquito. You burn the vampire mosquito.
The vampire mosquito is severely damaged.
The vampire mosquito bites you!
* * * LOW HITPOINT WARNING * * *
The vampire mosquito misses you.
You barely miss the vampire mosquito.
The vampire mosquito is severely damaged.
The vampire mosquito bites you but does no damage.
The vampire mosquito bites you.
* * * LOW HITPOINT WARNING * * *
You hit the vampire mosquito. You burn the vampire mosquito.
The vampire mosquito is almost destroyed.
The vampire mosquito bites you!
You die...

############# ...
#...........# ...
#...........# ....
#...........# .....
#...........#
.....########y......<...####
#...........@##+###.....>...
#..........#......#.........
#......<...#......#.........
#..........#......#.........
#..........#....###.........
#########+####### #########.


You could see a vampire mosquito.

Vanquished Creatures
  3 vampire mosquitoes (D:12)
  3 water moccasins
  4 orc warriors
  2 ice beasts
  2 sky beasts
  An ogre (D:6)
  2 centaurs (D:7)
  4 bullfrogs
  A gnoll sergeant (D:5)
  5 scorpions
  A killer bee (D:7)
  An orc priest (D:8)
  3 bombardier beetles
  2 hounds
  A gnoll bouda (D:7)
  A jelly (D:6)
  4 iguanas
  Natasha (twice) (D:3)
  2 orc wizards
  8 gnolls
  7 adders
  2 shadow imps (D:7)
  2 white imps
  A ribbon worm (D:2)
  2 dart slugs (D:2)
  19 orcs
  4 bats
  6 endoplasms
  3 giant cockroaches (D:2)
  7 goblins
  A hobgoblin (D:1)
  4 quokkas
  5 ball pythons
  4 frilled lizards
  9 kobolds
  A kobold zombie (D:9)
  2 rats (D:1)
131 creatures vanquished.

Vanquished Creatures (collateral kills)
  An orc (D:8)
  A kobold (D:1)
2 creatures vanquished.

Vanquished Creatures (others)
  A bullfrog zombie (D:8)
  3 orc zombies
  4 kobold zombies (D:9)
8 creatures vanquished.

Grand Total: 141 creatures vanquished

Notes
Turn   | Place    | Note
-------+----------+-------------------------------------------
     0 | D:1      | melchizedek the Mummy Necromancer began the quest for the
                  | Orb.
     0 | D:1      | Reached XP level 1. HP: 13/13 MP: 4/4
   227 | D:1      | Reached XP level 2. HP: 19/19 MP: 1/5
   908 | D:2      | Found a shimmering altar of Xom.
  1265 | D:2      | Reached XP level 3. HP: 24/24 MP: 2/7
  1604 | D:2      | Found a faded altar of an unknown god.
  2018 | D:3      | Identified the +1 leather armour "Erhisoasm" {Str+2}
  2066 | D:3      | Noticed Grinder
  2162 | D:4      | Reached skill level 5 in Necromancy
  2186 | D:4      | Identified the +0 leather armour "Nyosm" {Int+3}
  2204 | D:4      | Learned a level 3 spell: Vampiric Draining
  2224 | D:4      | HP: 1/24 [iguana (6)]
  2228 | D:4      | Reached XP level 4. HP: 6/30 MP: 1/9
  2389 | D:4      | Found a staircase to the Ecumenical Temple.
  2400 | Temple   | Entered the Ecumenical Temple
  2683 | Temple   | Became a worshipper of Dithmenos the Shadowed
  2842 | D:3      | Noticed Natasha
  2852 | D:3      | Killed Natasha
  2853 | D:3      | Reached skill level 1 in Short Blades
  2853 | D:3      | Reached XP level 5. HP: 35/35 MP: 5/11
  2934 | D:3      | Noticed Natasha
  2943 | D:3      | Killed Natasha
  3227 | D:3      | Noticed Natasha
  3483 | D:4      | Found Fityteiv's Antique Armour Emporium.
  3492 | D:4      | Bought a scorched ring mail for 216 gold pieces
  3492 | D:4      | Identified the +6 ring mail of Music {rF+ Regen+} (You
                  | bought it in a shop on level 4 of the Dungeon)
  3615 | D:5      | Entered Level 5 of the Dungeon
  3680 | D:4      | Reached * piety under Dithmenos
  3790 | D:5      | Noticed an ice beast
  3821 | D:5      | Killed an ice beast
  3822 | D:5      | Reached XP level 6. HP: 25/41 MP: 11/13
  3904 | D:5      | Noticed an orc warrior
  3934 | D:5      | Killed an orc warrior
  3935 | D:5      | Reached skill level 5 in Spellcasting
  3935 | D:5      | Reached skill level 6 in Necromancy
  4035 | D:5      | Found an ornate altar of the Wu Jian Council.
  4072 | D:5      | Reached skill level 1 in Armour
  4197 | D:6      | Reached XP level 7. HP: 46/46 MP: 9/14
  4644 | D:5      | Reached skill level 7 in Necromancy
  4792 | D:5      | Learned a level 4 spell: Animate Dead
  4794 | D:5      | Learned a level 1 spell: Slow
  4798 | D:5      | Learned a level 3 spell: Confusing Touch
  5175 | D:6      | Identified the +2 robe of Shadows and Fog {rC+ Str+2 Int+3}
  5204 | D:6      | Reached XP level 8. HP: 46/53 MP: 11/18
  5346 | D:6      | You fall into a shaft and drop 3 floors!
  5641 | D:6      | Reached skill level 1 in Hexes
  5734 | D:6      | Reached skill level 1 in Fighting
  5837 | D:6      | Learned a level 5 spell: Curse of Agony
  5869 | D:7      | Reached ** piety under Dithmenos
  5870 | D:7      | Reached skill level 1 in Long Blades
  6034 | D:7      | Reached skill level 8 in Necromancy
  6245 | D:7      | Reached XP level 9. HP: 59/59 MP: 14/20
  6737 | D:8      | Learned a level 3 spell: Sigil of Binding
  6740 | D:8      | Noticed a two-headed ogre
  6795 | D:8      | Noticed a two-headed ogre
  7037 | D:9      | Reached *** piety under Dithmenos
  7055 | D:9      | Noticed a troll
  7057 | D:10     | Entered Level 10 of the Dungeon
  7305 | D:11     | Noticed a two-headed ogre
  7376 | D:11     | Noticed a boulder beetle
  7379 | D:11     | Noticed a cyclops
  7445 | D:12     | Reached skill level 9 in Necromancy
  7525 | D:12     | HP: 2/61 [vampire mosquito (5)]
  7526 | D:12     | Mangled by a vampire mosquito

Illustrated notes

Levels and vault maps discovered:
D:1:      eino_arrival_tree_alley, layout_rooms, skrybe_limestone_x,
          wad_floor_pattern_2, minivault_23
D:2:      layout_loops_corners, basic_altar,
          shapermc_ecumenical_altar_notcrosses, minmay_worlds_worst_comb
D:3:      layout_loops_ring, uniq_grinder, uniq_natasha
D:4:      layout_basic, minmay_temple_entry_wispy, serial_shops, shop,
          serial_park_tiny_1
D:5:      layout_gridville, pdpol_wu_jian_five_deadly_venoms,
          palyth_stone_intersect, minivault_23
D:6:      layout_basic
D:7:      layout_rooms, minmay_fractal_squares_5
D:8:      layout_basic, mainiacjoe_overflow_alcove_2
D:9:      layout_layer_cave
D:10:     layout_loops_ring, due_lair_maze_entry_diamond, nrook_uturn,
          chequers_serial_rivers_room_a, nicolae_tricolors
D:11:     layout_cave_pools, david_orc_2, minivault_23,
          fedhas_bush_and_centaur_altar
D:12:     layout_gridville
Temple:   mainiacjoe_temple_cubbyholes

Skill      XL: |  1  2  3  4  5  6  7  8  9 |
---------------+----------------------------+-----
Spellcasting   | 3 4 5 6 7 8 |  8.3
Necromancy     | 5 6 7 8 9 |  9.1
Short Blades   | 1 2 3 |  3.7
Armour         | 1 |  1.4
Stealth        | 2 3 4 |  4.2
Hexes          | 2 |  2.8
Fighting       | 1 |  1.9
Long Blades    | 1 |  1.4
Dodging        | |  1.8

Action                     |  1- 3 |  4- 6 |  7- 9 || total
---------------------------+-------+-------+-------++-------
  Melee: Short sword       |     9 |    22 |   121 ||   152
         Dagger            |     5 |     8 |    56 ||    69
         Falchion          |       |    29 |   113 ||   142
         Punch             |       |       |     7 ||     7
  Throw: Dart              |       |     1 |       ||     1
   Cast: Necrotise         |    57 |    70 |   124 ||   251
         Vampiric Draining |     2 |       |       ||     2
         Slow              |       |       |     6 ||     6
         Animate Dead      |       |       |     6 ||     6
         Confusing Touch   |       |       |     1 ||     1
    Use: Scroll            |       |       |    13 ||    13
   Stab: Sleeping          |       |     1 |     1 ||     2
 Armour: Robe              |     4 |       |       ||     4
         Leather armour    |     6 |    12 |       ||    18
         Ring mail         |       |    47 |   344 ||   391
  Dodge: Dodged            |     8 |    34 |   265 ||   307
